 Dungeon Crawl Stone Soup version 0.25.0-11-g1f837a76a1 (webtiles) character file.

Game seed: 16797449286369747860

51 lepoulpe303 the Poker (level 3, -2/28 HPs)
             Began as a Merfolk Gladiator on June 25, 2020.
             Killed from afar by Ijyb (11 damage)
             ... with a puff of flame
             ... on level 2 of the Dungeon.
             The game lasted 00:03:56 (1195 turns).

lepoulpe303 the Poker (Merfolk Gladiator)           Turns: 1195, Time: 00:03:56

Health: -2/28      AC:  4    Str: 15    XL:     3   Next: 81%
Magic:  3/3        EV: 14    Int:  7    God:
Gold:   112        SH:  0    Dex: 15    Spells: 2/2 levels left

rFire    . . .     SeeInvis .   a - +0 trident
rCold    . . .     Gourm    .   (no shield)
rNeg     . . .     Faith    .   g - +0 leather armour
rPois    .         Spirit   .   c - +0 helmet
rElec    .         Reflect  .   (no cloak)
rCorr    .         Harm     .   (no gloves)
MR       .....                  (no boots)
Stlth    +.........             (no amulet)
HPRegen  0.09/turn              (no ring)
MPRegen  0.08/turn              (no ring)

@: no status effects
A: change form in water, swift swim, stealthy swim
a: no special abilities


You were on level 2 of the Dungeon.
You were not hungry.

You visited 1 branch of the dungeon, and saw 2 of its levels.

You collected 112 gold pieces.

Inventory:

Hand Weapons
 a - a +0 trident (weapon)
 b - a +0 hunting sling
Missiles
 d - 3 throwing nets {=f}
 j - 16 poisoned darts
 o - 9 sling bullets
Armour
 c - a +0 helmet (worn)
 g - a +0 leather armour (worn)
Scrolls
 i - a scroll of remove curse {unknown}
 k - 2 scrolls of immolation {unknown}
 m - 2 scrolls of teleportation {unknown}
 n - a scroll of identify {unknown}
 q - a scroll of enchant armour {unknown}
Potions
 f - a potion of berserk rage {unknown}
 h - 2 potions of ambrosia {unknown}
 l - 2 potions of curing {unknown}
Comestibles
 e - 2 rations
 p - 2 chunks of flesh


   Skills:
 + Level 2.5 Fighting
 * Level 5.2 Polearms
 + Level 2.2 Throwing
 * Level 1.1 Armour
 + Level 4.4 Dodging


You had 2 spell levels left.
You didn't know any spells.
Your spell library was empty.

Dungeon Overview and Level Annotations

Branches:
Dungeon (2/15)

Altars:
Makhleb
Zin

Annotations:
D:2 Ijyb


Message History

The puff of flame misses you.
You closely miss Ijyb. Ijyb misses you.
You closely miss Ijyb. Ijyb closely misses you.
You barely miss Ijyb. Ijyb hits you but does no damage.
You barely miss Ijyb. Ijyb hits you but does no damage.
You closely miss Ijyb. Ijyb misses you.
You barely miss Ijyb. Ijyb misses you.
A goblin comes into view. It is wielding a +0 dagger.
You hit Ijyb but do no damage. Ijyb hits you. The goblin closely misses you.
You take 1 damage, and have 19/28 hp.
You hit Ijyb but do no damage.
Ijyb zaps a wand.
The puff of flame hits you!
* * * LOW HITPOINT WARNING * * *
The goblin closely misses you.
You take 10 damage, and have 9/28 hp.
MASSIVE DAMAGE!!
Ijyb zaps a wand.
The puff of flame hits you!
You die...

........)....# #.....)(
###.#.#.#....# #......
#...#.#....# #....(
####..#.#....# #...(
......#.#...... ...(
..#.....####.####g(
..###...# #.# #g####
+######.####.####.g..#.#
...####.........@......#
.._#A##.####.#######.#?#
...# #.# #># # .....###
+######.####.######
#...... ..#
#.<.#.........# #.....#
..###...#.........##
#.....#
.#.....>#.........<#
#.....#
...##.###..........#
#.....#
...##.###..........#
#.....####


You could see Ijyb and 2 goblins.

Levels and vault maps discovered:
D:1:      lightli_iron_boxes, layout_loops_cross, minmay_cupped
D:2:      kennysheep_the_goblin_king, layout_basic,
          grunt_temple_overflow_order_and_chaos_2, minivault_4, glass_columns_c

Notes
Turn   | Place    | Note
-------+----------+-------------------------------------------
     0 | D:1      | lepoulpe303 the Merfolk Gladiator began the quest for the
                  | Orb.
     0 | D:1      | Reached XP level 1. HP: 16/16 MP: 1/1
    14 | D:1      | Identified a +0 hunting sling (You found it on level 1 of
                  | the Dungeon)
    15 | D:1      | Identified a +0 trident
   149 | D:1      | lepoulpe303: !whcihgod mfgl
   149 | D:1      | lepoulpe303: !whichgod mfgl
   149 | D:1      | meem: 211 recent wins for mfgl: 62x Okawaru, 31x The
                  | Shining One, 19x Yredelemnul, 18x Hepliaklqana, 13x Gozag,
                  | 10x Ru, 8x Zin, 7x Trog, 6x Qazlal, 6x Ashenzari, 5x
                  | Makhleb, 5x Dithmenos, 4x Wu Jian, 3x Nemelex Xobeh, 3x
                  | Cheibriados, 3x Fedhas, 3x Uskayaw, 2x, Elyvilon, Xom,
                  | Kikubaaqudgha
   169 | D:1      | Identified a +0 club
   177 | D:1      | Reached XP level 2. HP: 22/22 MP: 2/2
   265 | D:1      | Identified a +0 dagger
   273 | D:1      | Reached skill level 5 in Polearms
   301 | D:1      | Identified a cursed +0 club
   332 | D:1      | Reached XP level 3. HP: 28/28 MP: 3/3
   438 | D:1      | Identified a +0 club
   453 | D:1      | Identified a +0 club
   542 | D:1      | Identified a +0 club
   556 | D:1      | Identified a cursed -3 dagger
   625 | D:2      | Found a burning altar of Makhleb.
   628 | D:2      | Found a glowing silver altar of Zin.
   628 | D:2      | Identified a +2 whip of holy wrath
   628 | D:2      | Identified a +0 robe
   628 | D:2      | Noticed an angel
   629 | D:2      | Identified a +1 demon whip of freezing
   629 | D:2      | Noticed a balrug
   639 | D:2      | Identified a +0 club
   639 | D:2      | Identified a +0 hunting sling
   766 | D:2      | Identified a +0 club
   929 | D:2      | Reached skill level 1 in Armour
   931 | D:2      | Identified a +0 club
   938 | D:2      | Identified a +0 club
   980 | D:2      | Identified a +0 short sword
  1172 | D:2      | Identified a +1 dagger of venom
  1174 | D:2      | Identified a +0 dagger
  1175 | D:2      | Identified a +0 dagger
  1177 | D:2      | Identified a +0 ring mail
  1177 | D:2      | Noticed Ijyb
  1179 | D:2      | Identified a +0 club
  1192 | D:2      | Identified a +0 dagger
  1195 | D:2      | Killed from afar by Ijyb

Table legend:
 A = Turns spent in this place as a percentage of turns spent in the entire game.
 B = Non-inter-level travel turns spent in this place as a percentage of non-inter-level travel turns spent in the entire game.
 C = Inter-level travel turns spent in this place as a percentage of turns spent in this place.
 D = Turns resting spent in this place as a percentage of non-inter-level travel turns spent in this place.
 E = Turns spent auto-exploring this place as a percentage of non-inter-level travel turns spent in this place.
 F = Non-inter-level travel turns spent in this place divided by the number of levels of this place that you've seen.
                   A       B       C       D       E      F
               +-------+-------+-------+-------+-------+----------------------
         Total | 100.0 | 100.0 |   9.0 |   0.0 |  80.1 | 544.0
       Dungeon | 100.0 | 100.0 |   9.0 |   0.0 |  80.1 | 544.0
               +-------+-------+-------+-------+-------+----------------------

Table legend:
 A = Kills in this place as a percentage of kills in entire the game.
 B = Kills by you in this place as a percentage of kills by you in the entire game.
 C = Kills by friends in this place as a percentage of kills by friends in the entire game.
 D = Other kills in this place as a percentage of other kills in the entire game.
 E = Experience gained in this place as a percentage of experience gained in the entire game.
 F = Experience gained in this place divided by the number of levels of this place that you have seen.
                   A       B       C       D       E      F
               +-------+-------+-------+-------+-------+----------------------
         Total | 100.0 | 100.0 |   N/A |   N/A | 100.0 |  36.5
       Dungeon | 100.0 | 100.0 |   N/A |   N/A | 100.0 |  36.5
               +-------+-------+-------+-------+-------+----------------------

Skill      XL: |  1  2  3 |
---------------+----------+-----
Polearms       | 5 |  5.2
Armour         | 1 |  1.1
Fighting       | |  2.5
Throwing       | |  2.2
Dodging        | |  4.4

Action                   || total
-------------------------++-------
Melee: Trident           ||   104
 Fire: Hunting sling     ||    23
 Stab: Sleeping          ||     1
  Eat: Chunk             ||     1
Armor: Leather armour    ||    21
Dodge: Dodged            ||    63

Vanquished Creatures
  4 dart slugs
  7 bats
  A giant cockroach (D:1)
  9 goblins
  5 hobgoblins
  4 frilled lizards
  5 kobolds
  4 rats
39 creatures vanquished.
